 Dungeon Sprint DCSS version 0.18.1-50-g88ac8fd (webtiles) character file.

816 Kagutsuchi the Fighter (level 7, -5/65 HPs)
             Began as a Yellow Draconian Berserker on Oct 21, 2016.
             Was a Priest of Trog.
             Slain by a blink frog (11 damage)
             ... in the Dungeon (Sprint II: "The Violet Keep of Menkaure").
             The game lasted 00:02:49 (230 turns).

Kagutsuchi the Fighter (Yellow Draconian Berserker)  Turns: 230, Time: 00:02:49

Health: -5/65      AC:  6    Str: 20    XL:     7   Next: 62%
Magic:  7/7        EV: 17    Int:  7    God:    Trog [***...]
Gold:   99         SH:  0    Dex: 12    Spells: 0 memorised, 6 levels left

rFire  . . .     SeeInvis .     a - +0 falchion
rCold  . . .     Gourm    .     (armour unavailable)
rNeg   . . .     Faith    .     (no shield)
rPois  .         Spirit   .     (helmet restricted)
rElec  .         Dismiss  .     (no cloak)
rCorr  +         Reflect  .     (no gloves)
SustAt .         Harm     .     (no boots)
MR     .....     Rnd*Rage +     (no amulet)
Stlth  +......... NoTele   +    (no ring)
                                (no ring)

@: not resistant to hostile enchantments, very unstealthy
A: spit acid, acid resistance, unfitting armour, antennae 1, berserk 1, frail 1,
cold-blooded, subdued magic 1, AC +6
a: Spit Acid, Berserk, Trog's Hand, Burn Spellbooks, Renounce Religion


You were in the Dungeon.
You worshipped Trog.
Trog was most pleased with you.
You were full.

You visited 1 branch You collected 252 gold pieces.
You spent 153 gold pieces at shops.

Inventory:

Hand Weapons
 a - a +0 falchion (weapon)
Scrolls
 h - a scroll of blinking
Potions
 c - 3 potions of curing
 d - a potion of heal wounds
 e - a potion of haste
 f - 2 potions of magic
 g - a potion of berserk rage


   Skills:
 + Level 10.5 Fighting
 + Level 10.0 Long Blades
 + Level 10.0 Dodging


You had 6 spell levels left.
You didn't know any spells.

Dungeon Overview and Level Annotations

Branches:
Dungeon (1/1)

Altars:

Shops:
D (=:[}:?%!=!}?*[?

Annotations:
D exclusion: oklob plant


Innate Abilities, Weirdness & Mutations

You can spit globs of acid.
You are resistant to acid.
Your golden yellow scales are hard (AC +6).
Your body does not fit into most forms of armour.
You are cold-blooded and may be slowed by cold attacks.
You have a pair of small antennae on your head.
You tend to lose your temper in combat.
You are frail (-10% HP).
Your spells are a little easier to cast, but a little less powerful.


Message History

You feel much better.
The blink frog blinks!
An electric eel comes into view.
The electric eel shoots out a bolt of lightning at you!
The bolt of electricity hits you!
The electric eel shoots out a bolt of lightning at you!
The bolt of electricity hits you!
The blink frog misses you. 2 electric eels come into view.
The blink frog misses you. The blink frog hits you!
The blink frog blinks!
The blink frog hits you!
* * * LOW HITPOINT WARNING * * *
The electric eel shoots out a bolt of lightning at you!
The bolt of electricity hits you!
* * * LOW HITPOINT WARNING * * *
The electric eel shoots out a bolt of lightning at you!
The bolt of electricity misses you. The blink frog barely misses you.
You hit the blink frog. You tail-slap the blink frog.
The blink frog is severely wounded.
The blink frog misses you. The blink frog hits you!
You die...

## ≈;§ ≈##;;§§
############≈≈#§§§#
###########≈≈≈≈≈≈≈.
##∩.......#≈≈≈≈.## ##
##.∩.....∩#≈≈≈≈##. .##
##∩.∩.†.∩.#≈≈≈≈#.. ..#
##.∩.∩.∩.∩#≈≈####.#.# ##
##..∩.∩.∩.#@##.###†# #.#
##...∩.∩..#F#.#.##.##.#
##....⌠...'≈'.##'.<.†#
##........#≈#..###.##...#
#▓▓▓▓▓▓▓###≈##.# #+# #.##
##$hD######≈≈###


B#B ## #%.h#H ##≈≈≈#.. .. #∩P$+. #'#≈##. .## #%$. ? #.#≈≈## ## You could see an
ice dragon, a blink frog, a black bear and 2 electric eels.

Vanquished Creatures
  3 neqoxecs (D)
  4 necrophages (D)
  A crocodile (D)
  3 worms (D)
11 creatures vanquished.

Vanquished Creatures (others)
  A neqoxec (D)
  Menkaure (D)
  A crocodile (D)
3 creatures vanquished.

Grand Total: 14 creatures vanquished

Notes
Turn   | Place    | Note
--------------------------------------------------------------
     0 | D        | Kagutsuchi the Draconian Berserker began the quest for the Orb.
     0 | D        | Reached XP level 1. HP: 19/19 MP: 1/1
     1 | D        | Noticed a boulder beetle
     1 | D        | Noticed a boulder beetle
     5 | D        | Noticed a necrophage
     5 | D        | Noticed a necrophage
     5 | D        | Noticed a necrophage
     5 | D        | Noticed a necrophage
     7 | D        | Killed a necrophage
     7 | D        | Reached skill level 5 in Long Blades
     7 | D        | Reached skill level 5 in Dodging
     7 | D        | Reached XP level 2. HP: 31/31 MP: 2/2
     7 | D        | Reached XP level 3. HP: 38/38 MP: 3/3
     7 | D        | Reached XP level 4. HP: 45/45 MP: 4/4
     7 | D        | Killed a crocodile
    13 | D        | Killed a necrophage
    13 | D        | Reached XP level 5. HP: 52/52 MP: 5/5
    19 | D        | Killed a necrophage
    21 | D        | Killed Menkaure
    29 | D        | Killed a necrophage
    29 | D        | Reached XP level 6. HP: 49/62 MP: 6/6
    36 | D        | Noticed a neqoxec
    37 | D        | Gained mutation: You tend to lose your temper in combat. [a neqoxec]
    51 | D        | Killed a neqoxec
    64 | D        | Noticed a neqoxec
    65 | D        | Noticed a neqoxec
    65 | D        | Noticed a neqoxec
    77 | D        | Killed a neqoxec
    77 | D        | Reached ** piety under Trog
    77 | D        | Reached skill level 10 in Fighting
    77 | D        | Your scales start taking on a golden yellow colour.
    77 | D        | Reached XP level 7. HP: 52/71 MP: 7/7
    84 | D        | Gained mutation: Your spells are a little easier to cast, but a little less powerful. [a neqoxec]
    86 | D        | Gained mutation: You are frail (-10% HP). [a neqoxec]
    94 | D        | Killed a neqoxec
   117 | D        | Reached *** piety under Trog
   139 | D        | Found Cazehiy's Gadget Shop.
   139 | D        | Found Zymaovo's General Store.
   139 | D        | Found Miopet's Jewellery Boutique.
   139 | D        | Found Vohiefish's Magic Scroll Shop.
   139 | D        | Found Jenaxoup's Distillery.
   139 | D        | Found Ceud's Magic Scroll Boutique.
   141 | D        | Found Losecsei's Antique Armour Boutique.
   147 | D        | Found Unatugga's Distillery.
   147 | D        | Found Upogaris's Food Shop.
   148 | D        | Found Ofror's Magic Scroll Shop.
   148 | D        | Found Liamefun's Book Boutique.
   149 | D        | Noticed an ice dragon
   149 | D        | Found Cizuadec's Gadget Boutique.
   149 | D        | Found Juath's Antique Armour Shop.
   149 | D        | Noticed an oklob plant
   150 | D        | Found Acioc's Jewellery Shop.
   150 | D        | Found Voumoi's Book Shoppe.
   150 | D        | Found Avazuaw's Antique Weapon Boutique.
   164 | D        | Killed a neqoxec
   170 | D        | Reached skill level 10 in Long Blades
   170 | D        | Reached skill level 10 in Dodging
   182 | D        | Bought a potion of curing for 33 gold pieces
   182 | D        | Bought a potion of curing for 33 gold pieces
   182 | D        | Bought a potion of mutation for 27 gold pieces
   186 | D        | Noticed a griffon
   188 | D        | Bought a potion of heal wounds for 60 gold pieces
   188 | D        | Gained mutation: You possess an exceptional clarity of mind. [potion of mutation]
   188 | D        | Lost mutation: You possess an exceptional clarity of mind. [potion of mutation]
   188 | D        | Gained mutation: You have a pair of small antennae on your head. [potion of mutation]
   189 | D        | Noticed a griffon
   201 | D        | Noticed a blink frog
   230 | D        | Slain by a blink frog

Skill      XL: |  1  2  3  4  5  6  7 |
---------------+----------------------+-----
Fighting       | 6 7 9 10 | 10.5
Long Blades    | 5 6 8 9 10 | 10.0
Dodging        | 5 6 7 9 10 | 10.0

Action                   |  1- 3 |  4- 6 |  7- 9 || total
-------------------------+-------+-------+-------++-------
Melee: Falchion          |     1 |    37 |    38 ||    76
       Tailslap          |     1 |     7 |     7 ||    15
Invok: Berserk           |     1 |     1 |       ||     2
 Abil: Spit Acid         |       |       |     1 ||     1
  Use: Potion            |       |       |     2 ||     2
  Eat: Bread ration      |       |       |     1 ||     1
Armor: Skin              |       |     5 |    12 ||    17
Dodge: Dodged            |       |    19 |    43 ||    62
